 Dungeon Crawl Stone Soup version 0.26-a0-639-g72c4674329 (webtiles) character file.

Game seed: 11914285934853756446

236 Lanoc the Slasher (level 6, 0/57 HPs)
             Began as a Naga Monk on Sept 16, 2020.
             Was a Believer of Zin.
             Slain by a gnoll
             ... wielding a +0 halberd
              (7 damage)
             ... on level 4 of the Dungeon.
             The game lasted 00:04:46 (3398 turns).

Lanoc the Slasher (Naga Monk)                       Turns: 3398, Time: 00:04:46

Health: 0/57       AC:  4    Str: 14    XL:     6   Next: 6%
Magic:  7/7        EV: 11    Int: 10    God:    Zin [**....]
Gold:   135        SH:  0    Dex: 15    Spells: 5/5 levels left

rFire    . . .     SeeInvis +   a - +0 falchion
rCold    . . .     Faith    .   (no shield)
rNeg     . . .     Spirit   .   b - +1 robe
rPois    +         Reflect  .   (no helmet)
rElec    .         Harm     .   (no cloak)
rCorr    .         Rampage  .   (no gloves)
MR       .....     Rnd*Tele +   (no barding)
Stlth    ++........             (no amulet)
HPRegen  0.19/turn              q - ring of teleportation
MPRegen  0.10/turn              (no ring)

@: mighty, very slow
A: large, see invisible, deformed body, poison resistance, slowness 2, spit
poison 1, AC +2
a: Spit Poison, Recite, Vitalisation, Donate Gold, Renounce Religion


You were on level 4 of the Dungeon.
You worshipped Zin.
Zin was pleased with you.
You visited 1 branch of the dungeon, and saw 4 of its levels.

You collected 149 gold pieces.
You donated 14 gold pieces to Zin.

Inventory:

Hand Weapons
 a - a +0 falchion (weapon)
Armour
 b - a +1 robe (worn)
Jewellery
 q - a ring of teleportation (left hand)
Scrolls
 c - 4 scrolls of identify
 d - a scroll of immolation {unknown}
 e - a scroll of teleportation {unknown}
 f - a scroll of remove curse
 g - a scroll of enchant weapon {unknown}
 i - a scroll of random uselessness {unknown}
 k - a scroll of fog {unknown}
 m - a scroll of magic mapping {unknown}
 p - a scroll of enchant armour
Potions
 l - a potion of mutation
 n - a potion of lignification
 o - a potion of curing


   Skills:
 + Level 4.0 Fighting
 * Level 5.0 Long Blades
 + Level 3.3 Dodging
 - Level 3.0 Stealth
 * Level 1.5 Invocations


You had 5 spell levels left.
You didn't know any spells.
Your spell library was empty.

Dungeon Overview and Level Annotations

Branches:
Dungeon (4/15)
 Temple: D:4-7

Altars:
Elyvilon
Qazlal
Zin

Annotations:
D:4 Pikel


Innate Abilities, Weirdness & Mutations

You cannot wear boots.
Your serpentine skin is tough. (AC +2)
You have supernaturally acute eyesight. (SInv)
Armour fits poorly on your strangely shaped body.
Your system is resistant to poisons. (rPois)
You cover ground very slowly.
You can spit poison.


Message History

It was a potion of curing.
You feel better.
The orc wizard gestures wildly while chanting.
The orc wizard flickers and vanishes for a moment.
An orc priest comes into view. It is wielding a +0 club.
A gnoll comes into view. It is wielding a +0 club.
A worker ant comes into view.
The lemure closely misses you. The lemure hits you.
* * * LOW HITPOINT WARNING * * *
The lemure hits you.
* * * LOW HITPOINT WARNING * * *
The lemure barely misses you. The iguana barely misses you.
You riposte.
The worker ant twitches its antennae in your direction.
The gnoll shouts!
You hit the iguana.
The iguana is lightly wounded.
Pikel says, "You'll make a fine lemure."
It was a potion of might.
You feel very mighty all of a sudden.
The gnoll hits you from afar with a +0 halberd!
You die...

.... #...##
##....##
#......##
#.......##
#........##
##....l5...#..
#.....@5Kg.oo.
#.....55g...a.
#.....g.r..<..
#.............
#............g.
#..........##..
#........### .
##########


You could see Pikel, 4 lemures, an iguana, a worker ant, an orc priest, an orc
wizard (invisible), 4 gnolls and a quokka.

Vanquished Creatures
  A scorpion (D:4)
  An orc wizard (D:3)
  A worker ant (D:4)
  A hound skeleton (D:4)
  6 adders
  A shadow imp (D:2)
  3 worms
  2 dart slugs
  3 leopard geckos
  3 orcs (D:3)
  3 ball pythons
  3 bats
  9 hobgoblins
  A quokka (D:2)
  4 frilled lizards
  2 goblins
  A kobold (D:2)
  5 rats
50 creatures vanquished.

Notes
Turn   | Place    | Note
-------+----------+-------------------------------------------
     0 | D:1      | Lanoc the Naga Monk began the quest for the Orb.
     0 | D:1      | Reached XP level 1. HP: 21/21 MP: 1/1
   203 | D:1      | Reached XP level 2. HP: 28/28 MP: 2/2
   799 | D:2      | Reached XP level 3. HP: 12/34 MP: 3/3
  1285 | D:2      | Found a white marble altar of Elyvilon.
  1298 | D:2      | Reached skill level 4 in Long Blades
  1298 | D:2      | Reached XP level 4. HP: 21/42 MP: 4/4
  1566 | D:2      | Found a stormy altar of Qazlal.
  2203 | D:3      | Reached XP level 5. HP: 32/50 MP: 5/5
  2885 | D:3      | Found a glowing silver altar of Zin.
  2961 | D:3      | Became a worshipper of Zin the Law-Giver
  2961 | D:3      | Reached * piety under Zin
  2961 | D:3      | Reached ** piety under Zin
  3224 | D:4      | Reached skill level 5 in Long Blades
  3224 | D:4      | Reached skill level 1 in Invocations
  3224 | D:4      | Reached XP level 6. HP: 11/57 MP: 5/7
  3393 | D:4      | Noticed Pikel
  3398 | D:4      | Slain by a gnoll

Illustrated notes

Levels and vault maps discovered:
D:1:      dpeg_arrival_simpleton_a, layout_basic
D:2:      layout_rooms, elyvilon_altar_1, grunt_qazlal_clouds
D:3:      layout_basic, zin_scriptorium, minmay_misc_feat_diagonals
D:4:      layout_cave_pods, lemuel_crystal_altar, uniq_pikel

Skill      XL: |  1  2  3  4  5 |
---------------+----------------+-----
Long Blades    | 4 5 |  5.0
Dodging        | 3 |  3.3
Fighting       | 4 |  4.0
Invocations    | 1 |  1.5
Stealth        | |  3.0

Action                   |  1- 3 |  4- 6 || total
-------------------------+-------+-------++-------
Melee: Falchion          |    61 |    76 ||   137
 Abil: Spit Poison       |    21 |    20 ||    41
  Use: Potion            |       |     6 ||     6
       Scroll            |       |     3 ||     3
 Stab: Sleeping          |     2 |     3 ||     5
Armor: Robe              |    15 |     4 ||    19
       Skin              |       |     2 ||     2
Dodge: Dodged            |    30 |    47 ||    77
       Rpst.: Falchion   |    14 |    10 ||    24

Table legend: (Time is in decaauts)
 A = Elapsed time spent in this place.
 B = Non-inter-level travel time spent in this place.
 C = Inter-level travel time spent in this place.
 D = Time resting spent in this place.
 E = Time spent auto-exploring this place.
 F = Levels seen in this place.
 G = Mean time per level.
                   A        B        C        D        E       F      G
               +--------+--------+--------+--------+--------+-----+--------+
         Total |   3906 |   3787 |    119 |    639 |   2721 |   4 |  976.5 |
       Dungeon |   3906 |   3787 |    119 |    639 |   2721 |   4 |  976.5 |
               +--------+--------+--------+--------+--------+-----+--------+

Top non-repeatable levels by time:
     D:2: 1793 daAuts
     D:3: 1392 daAuts
     D:4: 391 daAuts
     D:1: 328 daAuts
